 Dungeon Sprint DCSS version 0.18-a0-119-g02a7081 (webtiles) character file.

1037 Kidiri the Covert (level 8, -12/41 (42) HPs)
             Began as a Spriggan Enchanter on Nov 19, 2015.
             Mangled by a boulder beetle (38 damage)
             ... in the Dungeon (Sprint II: "The Violet Keep of Menkaure").
             The game lasted 00:05:55 (610 turns).

Kidiri the Covert (Spriggan Enchanter)               Turns: 610, Time: 00:05:55

HP:   -12/41 (42)   AC:  3    Str:  4    XL:     8   Next: 4%
MP:   5/22          EV: 27    Int: 17    God:
Gold: 972           SH:  0    Dex: 18    Spells: 5 memorised, 13 levels left

rFire  . . .     SeeInvis +     a - +1 dagger
rCold  . . .     Clarity  .     b - +1 robe
rNeg   . . .     SustAt   .     (shield restricted)
rPois  .         Gourm    .     (helmet restricted)
rElec  .         Spirit   .     (no cloak)
rCorr  .         Warding  .     (gloves unavailable)
rMut   .         NoTele   +     (boots unavailable)
MR     +....                    (no amulet)
Stlth  ++++++....               (no ring)
                                (no ring)

@: very quick, somewhat resistant to hostile enchantments, very stealthy
A: unfitting armour, see invisible, herbivore 3, speed 3, slow metabolism 2
a: no special abilities


You were in the Dungeon.
You were not hungry.

You visited 1 branch You collected 972 gold pieces.

Inventory:

Hand Weapons
 a - a +1 dagger (weapon)
Armour
 b - a +1 robe (worn)
Scrolls
 j - a scroll of blinking
Potions
 e - a potion of curing
 f - a potion of heal wounds
 g - a potion of haste
 h - 2 potions of magic
 i - a potion of berserk rage
Books
 c - a book of Maledictions

   Spells                             Type                      Level
   a - Corona                         Hexes                        1
   b - Ensorcelled Hibernation        Hexes/Ice                    2
   c - Confuse                        Hexes                        3
   d - Tukima's Dance                 Hexes                        3
   e - Dazzling Spray                 Conjuration/Hexes            3
Comestibles
 d - a bread ration


   Skills:
 + Level 3.8 Fighting
 * Level 7.8 Short Blades
 + Level 3.4 Armour
 * Level 10.5 Dodging
 * Level 11.7 Stealth
 * Level 9.0 Spellcasting
 + Level 3.1 Conjurations
 + Level 6.8 Hexes
 + Level 3.2 Ice Magic


You had 13 spell levels left.
You knew the following spells:

 Your Spells              Type           Power        Failure   Level  Hunger
a - Corona                Hex            ####...      1%          1    None
b - Ensorcelled Hibernat  Hex/Ice        ###...       1%          2    None
c - Confuse               Hex            ####....     1%          3    None
d - Tukima's Dance        Hex            ####....     1%          3    None
e - Dazzling Spray        Conj/Hex       ###.....     4%          3    None


Dungeon Overview and Level Annotations

Branches:
Dungeon (1/1)

Altars:

Shops:
D [*}=(!([!:*?*%=


Innate Abilities, Weirdness & Mutations

You are tiny and cannot use many weapons and most armour.
You have supernaturally acute eyesight.
You are a herbivore.
You cover ground extremely quickly.
You need consume almost no food.


Message History

Confirm with . or Enter, or press ? or * to list all spells.
Aiming: Ensorcelled Hibernation
Press: ? - help, Shift-Dir - straight line, f/p - boulder beetle
Aim: a boulder beetle (chance to defeat MR: 36%)
The boulder beetle easily resists.
Casting: Ensorcelled Hibernation
Confirm with . or Enter, or press ? or * to list all spells.
Aiming: Ensorcelled Hibernation
Press: ? - help, Shift-Dir - straight line, f/p - boulder beetle
Aim: a boulder beetle (chance to defeat MR: 36%)
The boulder beetle easily resists.
The boulder beetle bites you.
Casting: Ensorcelled Hibernation
Confirm with . or Enter, or press ? or * to list all spells.
Aiming: Confuse
Press: ? - help, Shift-Dir - straight line, f/p - boulder beetle
Aim: a boulder beetle (chance to defeat MR: 41%)
The boulder beetle resists with some effort.
The boulder beetle bites you!!!
Ouch! That really hurt!
You die...

########≈≈#+++#+++##
#######≈≈≈.........#
..∩.∩.#≈≈≈≈.##+##..#
.∩.∩..#≈≈≈≈##...##.####
∩.∩...#≈≈≈≈#.##%.#....#
.∩....#≈≈####.######..##
∩.∩...#≈##.###'###.##..#
.∩.∩..#≈#...##.##...#..#
..∩.∩.+≈@##.'.<.'###+..#
...∩.∩#B#...##.##...#...§
▓▓▓▓###≈##.###'###.##....
Y######≈≈####.%.####≈≈..§
Y ##≈ #..#).# ≈§≈≈≈ +#
##...## ≈≈§≈≈ ##+##
≈≈≈≈≈≈ §≈≈≈


You could see a boulder beetle.

Vanquished Creatures
  A boulder beetle (D)
  4 necrophages (D)
  A crocodile (D)
  3 brain worms (D)
9 creatures vanquished.

Vanquished Creatures (collateral kills)
  A siren (D)
1 creature vanquished.

Vanquished Creatures (others)
  Menkaure (D)
  A brain worm (D)
2 creatures vanquished.

Grand Total: 12 creatures vanquished

Notes
Turn   | Place    | Note
--------------------------------------------------------------
     0 | D        | Kidiri the Spriggan Enchanter began the quest for the Orb.
     0 | D        | Reached XP level 1. HP: 9/9 MP: 5/5
     1 | D        | Noticed a brain worm
    13 | D        | Killed a brain worm
    13 | D        | Reached skill level 1 in Fighting
    13 | D        | Reached skill level 1 in Armour
    13 | D        | Reached skill level 5 in Dodging
    13 | D        | Reached skill level 7 in Stealth
    13 | D        | Reached XP level 2. HP: 8/14 MP: 3/8
    13 | D        | Reached XP level 3. HP: 10/18 MP: 3/10
    13 | D        | Reached XP level 4. HP: 12/22 MP: 3/11
    14 | D        | Noticed a brain worm
    27 | D        | Learned a level 2 spell: Ensorcelled Hibernation
    31 | D        | Learned a level 3 spell: Confuse
    35 | D        | Learned a level 3 spell: Dazzling Spray
    39 | D        | Learned a level 3 spell: Tukima's Dance
   116 | D        | Killed Menkaure
   157 | D        | Noticed a boulder beetle
   158 | D        | Noticed a boulder beetle
   170 | D        | Noticed a brain worm
   170 | D        | Noticed a brain worm
   172 | D        | Killed a brain worm
   172 | D        | Reached skill level 5 in Spellcasting
   172 | D        | Reached skill level 5 in Hexes
   172 | D        | Reached skill level 1 in Ice Magic
   172 | D        | Reached XP level 5. HP: 24/26 MP: 10/14
   174 | D        | Reached skill level 5 in Short Blades
   174 | D        | Reached skill level 8 in Stealth
   174 | D        | Reached skill level 1 in Conjurations
   201 | D        | Noticed a necrophage
   201 | D        | Noticed a necrophage
   201 | D        | Noticed a necrophage
   201 | D        | Noticed a necrophage
   218 | D        | Killed a necrophage
   218 | D        | Reached skill level 9 in Stealth
   218 | D        | Reached XP level 6. HP: 32/32 MP: 3/16
   234 | D        | Reached skill level 10 in Stealth
   280 | D        | Reached XP level 7. HP: 7/35 MP: 0/19
   542 | D        | Noticed a siren
   556 | D        | Killed a siren
   556 | D        | Reached skill level 10 in Dodging
   556 | D        | Reached skill level 11 in Stealth
   586 | D        | Noticed an orange crystal statue
   593 | D        | Found Ipradioc's Assorted Antiques.
   593 | D        | Found Lyuxat's Food Boutique.
   593 | D        | Found Muamin's Jewellery Shop.
   594 | D        | Found Jyalec's Book Shop.
   594 | D        | Found Jeerim's General Store.
   594 | D        | Found Norchas's Magic Scroll Boutique.
   595 | D        | Found Byschoik's Antique Weapon Shop.
   595 | D        | Found Patumpaf's Antique Armour Boutique.
   595 | D        | Found Daav's Distillery.
   595 | D        | Found Erehim's Distillery.
   596 | D        | Found Kerizobb's Jewellery Shop.
   596 | D        | Found Ypnie's Weapon Boutique.
   596 | D        | Found Ogisot's Gadget Boutique.
   597 | D        | Found Togh's Assorted Antiques.
   597 | D        | Found Miclef's Antique Armour Boutique.
   597 | D        | Noticed a yak
   597 | D        | Noticed a yak
   606 | D        | Killed a boulder beetle
   606 | D        | Reached XP level 8. HP: 26/41 MP: 13/22
   610 | D        | Mangled by a boulder beetle

Vault maps used:
D:        the_violet_keep_of_menkaure

Action                   |  1- 3 |  4- 6 |  7- 9 || total
-------------------------+-------+-------+-------++-------
Melee: Dagger            |     8 |    72 |    15 ||    95
 Cast: Corona            |     2 |       |       ||     2
       Ensorcelled Hiber |       |     1 |     7 ||     8
       Dazzling Spray    |       |     5 |       ||     5
       Confuse           |       |     1 |     2 ||     3
       Tukima's Dance    |       |       |     1 ||     1
 Stab: Sleeping          |     1 |     3 |     2 ||     6
